AoeStats
← GoldPhantom

Oasis

507878589Analyzed
4v4 RM · 13d ago on Sep 20, 2026· 60m 38s· 8 players
Game mode
Random Map
Map size
Large (8 player)
Population
200
Speed
Normal
Resources
Standard
Victory
Conquest
Starting age
Dark Age
Ending age
Imperial Age
RankedLock teamsTeams togetherTeam positionsShared explorationLock speedFull tech treeHidden civsTurbo modeCheats
Victory
Defeat
🇭🇰 Lithuanians · Hong Kong SAR China
858
+13
🇨🇴 Khmer · Colombia
805
+15
🇹🇷 Poles · Türkiye
805
+15
🇬🇧 Vikings · United Kingdom
801
+17
🇺🇸 Magyars · United States
806
-15
🇺🇸 Spanish · United States
801
-15
🇺🇸 Maya · United States
788
-15
🇺🇸 Berbers · United States
786
-15
Greenland Viking
7:49 Loom
11:22 Feudal Age
11:38 Man-at-Arms
19:01 Castle Age
17:25 Fletching
17:48 Forging
19:51 Crossbowman
22:37 Padded Archer Armor
22:45 Scale Mail Armor
24:31 Long Swordsman
24:57 Gambesons
25:29 Squires
26:40 Arson
27:34 Iron Casting
27:54 Elite Skirmisher
31:08 Pikeman
32:42 Treadmill Crane
34:44 Chain Mail Armor
HardGabber
2:10 Loom
13:32 Feudal Age
18:25 Castle Age
17:41 Forging
37:31 Imperial Age
38:07 Fletching
38:33 Heavy Scorpion
41:30 Ballistics
42:10 Chemistry
41:26 Capped Ram
43:41 Wheelbarrow
48:48 Double Crossbow
48:34 Elite Skirmisher
golgi
11:36 Feudal Age
12:07 Double-Bit Axe
12:04 Horse Collar
21:19 Castle Age
21:44 Scale Barding Armor
21:49 Forging
21:34 Fletching
24:47 Bloodlines
24:38 Husbandry
24:35 Town Watch
26:28 Crossbowman
27:53 Wheelbarrow
27:53 Loom
29:30 Bodkin Arrow
35:09 Imperial Age
32:40 Light Cavalry
34:01 Murder Holes
35:27 Gold Mining
35:28 Stone Mining
40:18 Hand Cart
40:03 Town Patrol
40:08 Scale Mail Armor
40:09 Padded Archer Armor
39:59 Cavalier
42:13 Chain Barding Armor
42:29 Iron Casting
42:09 Leather Archer Armor
42:15 Winged Hussar
45:11 Szlachta Privileges
47:16 Thumb Ring
47:51 Bracer
49:04 Heavy Cavalry Archer
50:51 Lechitic Legacy
51:30 Ballistics
51:21 Masonry
52:41 Hoardings
52:27 Conscription
53:46 Blast Furnace
53:02 Chain Mail Armor
54:51 Elite Obuch
GoldPhantom
9:05 Loom
11:57 Feudal Age
19:43 Castle Age
17:47 Gold Mining
17:44 Double-Bit Axe
17:42 Horse Collar
19:34 Bloodlines
22:13 Castle Age
22:38 Forging
23:49 Wheelbarrow
24:34 Husbandry
23:56 Light Cavalry
26:54 Scale Barding Armor
27:26 Fervor
28:35 Hand Cart
28:06 Town Watch
35:48 Imperial Age
33:20 Town Patrol
33:59 Ballistics
36:38 Cavalier
37:55 Caravan
38:05 Guilds
38:57 Bow Saw
39:26 Paladin
40:11 Squires
41:20 Iron Casting
40:36 Fletching
41:46 Stone Mining
41:57 Pikeman
43:23 Conscription
43:06 Tower Shields
43:47 Chain Barding Armor
44:58 Sanctity
46:23 Plate Barding Armor
45:44 Bodkin Arrow
46:44 Masonry
46:14 Treadmill Crane
47:37 Stone Shaft Mining
46:53 Elite Leitis
47:57 Halberdier
48:10 Onager
48:17 Capped Ram
58:26 Hoardings
59:56 Bracer
59:57 Padded Archer Armor
59:58 Scale Mail Armor
60:54 Heavy Plow
Carmine Laguzio
12:54 Feudal Age
16:33 Loom
21:06 Castle Age
26:35 Bloodlines
26:31 Husbandry
27:19 Guard Tower
27:36 Horse Collar
35:15 Squires
36:05 Pikeman
47:53 Double-Bit Axe
54:35 Wheelbarrow
56:27 Thumb Ring
OneO'ThemRangers
12:07 Feudal Age
17:22 Castle Age
17:24 Double-Bit Axe
25:16 Horse Collar
26:25 Wheelbarrow
25:31 Eagle Warrior
26:44 Scale Mail Armor
29:08 Forging
29:20 Chain Mail Armor
30:45 Forging
30:37 Pikeman
36:31 Iron Casting
36:42 Gold Mining
40:58 Fletching
44:07 Imperial Age
44:13 Bodkin Arrow
45:04 Elite Eagle Warrior
51:40 Plate Mail Armor
52:37 Padded Archer Armor
53:29 Elite Skirmisher
57:46 Hul'che Javelineers
57:54 Padded Archer Armor
60:44 Leather Archer Armor
Randlord
15:36 Feudal Age
17:13 Wheelbarrow
16:20 Horse Collar
16:30 Double-Bit Axe
23:34 Castle Age
22:59 Scale Barding Armor
22:59 Gold Mining
23:31 Stone Mining
24:10 Bloodlines
30:00 Husbandry
31:13 Hand Cart
41:45 Light Cavalry
48:51 Heavy Plow
50:46 Chain Barding Armor
Tony el Tigre
0:29 Loom
12:30 Feudal Age
13:08 Double-Bit Axe
13:07 Horse Collar
15:29 Wheelbarrow
15:52 Man-at-Arms
17:41 Scale Mail Armor
26:04 Castle Age
25:18 Gold Mining
25:23 Stone Mining
28:54 Bloodlines
28:45 Husbandry
28:56 Scale Barding Armor
29:45 Bow Saw
29:21 Elite Skirmisher
35:17 Hand Cart
44:39 Imperial Age
43:30 Pikeman
45:06 Chain Mail Armor
45:03 Forging
45:13 Chain Barding Armor
45:01 Halberdier
46:55 Two-Man Saw
47:48 Plate Mail Armor
47:54 Iron Casting
48:48 Heavy Plow
49:12 Conscription
52:15 Blast Furnace
54:24 Chemistry
53:45 Ballistics
55:49 Cavalier
57:48 Paladin
Connection lost

Rejoining the realm…

Still unreachable

The connection could not be restored.

Session expired

The server has moved on; the page needs a fresh start.